 Dungeon Crawl Stone Soup version 0.20.1-1-g8b1a95d (webtiles) character file.

109 Gatuga the Digger (level 4, -3/24 HPs)
             Began as a Deep Elf Earth Elementalist on July 22, 2017.
             Killed from afar by Natasha (8 damage)
             ... with a magic dart
             ... on level 3 of the Dungeon.
             The game lasted 00:13:20 (1535 turns).

Gatuga the Digger (Deep Elf Earth Elementalist)     Turns: 1535, Time: 00:13:20

Health: -3/24      AC:  2    Str:  5    XL:     4   Next: 60%
Magic:  7/12       EV: 13    Int: 21    God:
Gold:   127        SH:  0    Dex: 15    Spells: 11/12 levels left

rFire    . . .     SeeInvis .   (no weapon)
rCold    . . .     Gourm    .   (no shield)
rNeg     . . .     Faith    .   c - +0 robe
rPois    .         Spirit   .   (no helmet)
rElec    .         Reflect  .   (no cloak)
rCorr    .         Harm     .   (no gloves)
MR       .....                  (no boots)
Stlth    +.........             (no amulet)
Regen    0.1/turn               l - ring of loudness (curse)
MPRegen  0.2/turn               p - ring of wizardry

@: no status effects
A: no striking features
a: no special abilities


You were on level 3 of the Dungeon.
You were not hungry.

You visited 1 branch of the dungeon, and saw 3 of its levels.

You collected 127 gold pieces.

Inventory:

Missiles
 b - 46 stones (quivered)
Armour
 c - a +0 robe (worn)
Jewellery
 l - a cursed ring of loudness (left hand)
 p - a ring of wizardry (right hand)
Scrolls
 f - 2 scrolls of teleportation
 m - a scroll of recharging
 n - a scroll of amnesia
Potions
 a - a potion of invisibility
 g - a potion of curing
 i - a potion of resistance {unknown}
 j - a potion of agility {unknown}
 k - a potion of lignification {unknown}
 o - a potion of cancellation {unknown}
 q - 2 potions of mutation {unknown}
 r - 2 potions of ambrosia {unknown}
Books
 e - a book of Geomancy

   Spells                             Type                      Level
   a - Sandblast                      Earth                        1
   b - Passwall                       Transmutation/Earth          2
   c - Stone Arrow                    Conjuration/Earth            3
   d - Petrify                        Transmutation/Earth          4
   e - Lee's Rapid Deconstruction     Earth                        5
Comestibles
 d - 3 bread rations
 h - 5 chunks of flesh
 s - a meat ration


   Skills:
 + Level 2.8 Dodging
 + Level 2.6 Stealth
 + Level 0.1 Unarmed Combat
 + Level 4.5 Spellcasting
   Level 1.1 Transmutations
 + Level 4.9 Earth Magic


You had 11 spell levels left.
You knew the following spells:

 Your Spells              Type           Power        Failure   Level  Hunger
a - Sandblast             Erth           ####..       1%          1    None


Dungeon Overview and Level Annotations

Branches:
Dungeon (3/15)

Altars:

Annotations:
D:3 Natasha


Message History

Aim: a rat The blast of sand hits the rat.
You kill the rat!
b - 47 stones
Found a scroll labeled UHEUTI WETIU.
A leopard gecko comes into view.
The leopard gecko hisses angrily.
Casting: Sandblast
Confirm with . or Enter, or press ? or * to list all spells.
Aiming: Sandblast
Press: ? - help, Shift-Dir - straight line, f - leopard gecko
Aim: a leopard gecko (clinging)
The blast of sand hits the leopard gecko.
You kill the leopard gecko!
b - 46 stones Natasha, Servant of Life and Death comes into view.
Natasha hisses angrily.
Natasha casts a spell at you. The magic dart hits you!
You die...

### #.h ..# #.# #.# #.#
#.# #.# #<# #.# #.# #.#
#@# #.# #.# #.#
#.####.#######
#######.###....#.##.....
#.?.......$..).#.##.# #.
#.####.##.#.#.>.....# #.
#. #.#.##..#...###. #.
#.#.##...<#..... #.
#.#.##.######.## ##.
#.#.##.# #.#


You could see Natasha.

Vanquished Creatures
  Natasha (D:3)
  2 adders (D:3)
  An ooze (D:3)
  4 worms
  3 dart slugs
  3 leopard geckos
  An orc (D:3)
  A ball python (D:1)
  5 bats
  3 giant cockroaches
  5 goblins
  2 hobgoblins
  A quokka (D:2)
  2 frilled lizards
  3 kobolds (D:1)
  8 rats
45 creatures vanquished.

Notes
Turn   | Place    | Note
-------+----------+-------------------------------------------
     0 | D:1      | Gatuga the Deep Elf Earth Elementalist began the quest for the Orb.
     0 | D:1      | Reached XP level 1. HP: 10/10 MP: 6/6
   190 | D:1      | Reached XP level 2. HP: 5/15 MP: 2/8
  1009 | D:2      | Reached XP level 3. HP: 19/19 MP: 10/10
  1476 | D:3      | Reached XP level 4. HP: 23/24 MP: 9/12
  1486 | D:3      | Noticed Natasha
  1500 | D:3      | Killed Natasha
  1535 | D:3      | Noticed Natasha
  1535 | D:3      | Killed from afar by Natasha

Skill      XL: |  1  2  3 |
---------------+----------+-----
Earth Magic    | 4 |  4.9
Spellcasting   | 4 |  4.5
Dodging        | |  2.8
Stealth        | |  2.6
Unarmed Combat | |  0.1
Transmutations | |  1.1

Action                   |  1- 3 |  4- 6 || total
-------------------------+-------+-------++-------
Melee: Unarmed           |    10 |       ||    10
 Cast: Sandblast         |    51 |    11 ||    62
  Use: Scroll            |    11 |       ||    11
  Eat: Chunk             |     1 |     1 ||     2
Armor: Robe              |     3 |       ||     3
Dodge: Dodged            |    21 |     4 ||    25
